[Event "Marshall CC Premier 01-2025"]
[Site "New York"]
[Date "2025.01.06"]
[Round "5.1"]
[White "Lyutsinger, Iren"]
[Black "Rohde, Michael"]
[Result "1-0"]
[ECO "B47"]
[WhiteElo "2127"]
[BlackElo "2269"]
[Annotator "TA"]
[PlyCount "156"]
[EventDate "2025.01.03"]
[EventType "swiss"]
[EventCountry "USA"]
[SourceTitle "playchess.com"]
[Source "ChessBase"]
[SourceQuality "1"]
[TimeControl "5400+30"]

1. e4 c5 2. Nf3 e6 3. d4 cxd4 4. Nxd4 Nc6 5. Nc3 Qc7 6. Nxc6 bxc6 7. Bd3 Nf6 {[%emt 0:00:33] Prevents Qg4.} 8. Qe2 d6 9. f4 Be7 10. O-O d5 11. exd5 cxd5 12. Nb5 {[%emt 0:06:01] Active counter play!} Qb6+ 13. Be3 Bc5 14. Bxc5 Qxc5+ 15. Qf2 Qxf2+ 16. Rxf2 O-O 17. Nd4 Bb7 18. Re2 g6 19. c3 Rfc8 20. a4 a5 21. Ra3 Nd7 22. b4 Nb6 23. Rb2 Nc4 24. Bxc4 Rxc4 25. bxa5 Bc8 26. Rb4 Rc7 27. Nb5 Rc6 28. Nd4 Rc7 29. Rb6 Rxa5 ({Black should play} 29... Kf8 $11) 30. Rc6 $14 Rxc6 31. Nxc6 {[%emt 0:00:02][%mdl 4096] Endgame KRB-KRN} Rc5 32. Ne7+ Kf8 33. Nxc8 Rxc8 $16 {[%emt 0:00:03] KR-KR} 34. a5 Ra8 35. a6 Ke7 36. a7 Kd6 37. Kf2 $1 Kc5 38. Ke3 $1 Kb6 $2 (38... f6 $16) 39. Kd4 $1 $18 f6 (39... Rxa7 40. Rxa7 Kxa7 41. Ke5 $18) 40. g4 $2 (40. h3 $18) 40... Rxa7 $11 41. Rxa7 Kxa7 {[%emt 0:00:02] KP-KP. Black is a pawn up.} 42. g5 fxg5 $2 (42... f5 $1 $11) 43. fxg5 $18 {[%emt 0:00:01] aiming for Ke5.} Kb6 44. Ke5 Kc6 (44... Kc5 45. Kxe6 Kc6 46. Kf7 $18) 45. Kxe6 {[%emt 0:00:17] K3P-K3P} Kc5 46. h4 Kc6 47. Kf6 Kc5 48. Ke5 Kc6 $1 (48... Kc4 49. Kd6 d4 50. cxd4 Kxd4 51. Ke6 Ke4 52. Kf6 Kf4 53. Kg7) 49. Ke6 Kc5 50. Kd7 $1 Kb5 51. Kd6 Kc4 52. Ke6 Kc5 $1 53. Ke7 Kb5 $1 54. Kd6 $2 (54. Kd7 $11) 54... Kc4 55. Ke5 Kc5 $1 56. Ke6 $1 Kc6 $1 {[%emt 0:00:32] [#]} 57. Kf6 $2 (57. Kf7 $1 $18 {[%cal Rf7g8] Kg8 would kill now.} Kc5 58. Kg7) 57... Kb5 $2 (57... Kc5 $1 $11 {and Black is okay.}) 58. Kg7 Kc4 59. Kxh7 Kxc3 60. Kxg6 {[%emt 0:00:54] KPP-KP. White is a pawn up.} d4 {[%emt 0:00:00] ( -> ...d3)} 61. h5 d3 {[%emt 0:00:14] ( -> ...d2)} 62. h6 d2 63. h7 d1=Q {[%emt 0:00:05] ( -> ...Qd4)} 64. h8=Q+ {[%emt 0:00:04] KQ-KQ. White is a pawn up.} (64. h8=R $2 Qd6+ 65. Kh7 Qh2+ 66. Kg7 Qe5+ 67. Kh7 Qxg5 $19) 64... Kb3 65. Qb8+ Ka4 66. Qf4+ Ka3 67. Qe3+ Ka4 (67... Kb2 $142 68. Qe5+ Ka2 69. Qe6+ Kb1 70. Qf5+ Ka2 71. Qf2+ Kb1 72. Qf5+) 68. Qe4+ Ka5 (68... Kb3 {was necessary.} 69. Kf5 Qh5) 69. Qe5+ Ka4 70. Kg7 Qd7+ 71. Kf8 Qd3 72. Qe8+ Ka5 73. g6 ({Less strong is} 73. Qe5+ Ka4 74. Qe8+ Kb3 $16) 73... Qd6+ 74. Kg8 Qd5+ 75. Kh7 Qh5+ {[%emt 0:00:27] [#]} 76. Kg7 $1 Qd5 77. Qe7 Ka4 78. Qh4+ Ka3 1-0

[Event "Marshall CC Premier 01-2025"]
[Site "New York"]
[Date "2025.01.06"]
[Round "5.3"]
[White "Hebbar, Eshaan"]
[Black "Hyatt, Jessica"]
[Result "1-0"]
[ECO "D36"]
[WhiteElo "2144"]
[BlackElo "1979"]
[Annotator "TA"]
[PlyCount "107"]
[EventDate "2025.01.03"]
[EventType "swiss"]
[EventCountry "USA"]
[SourceTitle "playchess.com"]
[Source "ChessBase"]
[SourceQuality "1"]
[TimeControl "5400+30"]

1. d4 d5 2. c4 e6 3. Nc3 Nf6 4. cxd5 exd5 5. Bg5 Be7 6. e3 c6 7. Bd3 O-O 8. Qc2 Nbd7 9. Nge2 Re8 10. O-O h6 11. Bh4 Ne4 12. Bxe7 Qxe7 13. Rae1 Nf8 14. Bxe4 dxe4 15. Ng3 f5 16. f3 $1 exf3 17. Rxf3 (17. Nxf5 Bxf5 18. Qxf5 fxg2 $17) 17... g6 18. e4 f4 19. Rxf4 Ne6 20. Qb3 (20. Rf2 $16 {aiming for d5.} Nxd4 21. Qd2) 20... Kg7 21. Rf2 Nxd4 22. Qc4 Rd8 (22... c5 $11 {keeps the balance.}) 23. Ref1 Be6 {[%emt 0:00:39] [#] Prevents Rf7+} 24. Nd5 $1 Nb5 25. Qxb5 Bxd5 $2 {[%emt 0:00:26] [#]} (25... Rxd5 $11 {and Black stays safe.} 26. Qa4 Re5) 26. Qa5 $1 $18 Bg8 {[%emt 0:01:25] [#]} 27. Qc3+ $1 Kh7 28. e5 Rf8 29. Ne4 Rxf2 30. Rxf2 ({Reject} 30. Nxf2 Rf8 $14) 30... Rf8 (30... Rd8 $16) 31. Nf6+ Kg7 32. h4 {[%emt 0:04:24][%cal Bh2h4,Bh4h5][%mdl 32] White is more active.} Be6 (32... Bxa2 $16 33. h5 Bb1) 33. h5 g5 34. Qc2 Kh8 35. Rd2 Bd5 36. Qg6 $40 {[%emt 0:05:15][%mdl 128] White has strong attack.} Qg7 37. Qd3 Qf7 (37... Qe7 {is a better defense.} 38. Nxd5 cxd5) 38. Rf2 Bxa2 $2 (38... Qg7 39. Nxd5 cxd5) 39. Qd6 Rc8 40. Nd7 {[%emt 0:01:14] Black is weak on the dark squares} (40. Ne8 $142 Qxe8 41. Qxh6+ Kg8 42. Rf5 (42. Qxg5+ Kh8 $18)) 40... Qxh5 (40... Qe6 $18 41. Rf8+ Rxf8 42. Nxf8 (42. Qxf8+ Qg8 $18) 42... Qf7 (42... Qxd6 $2 43. exd6 Kg7 44. d7 $18)) 41. Rf8+ Rxf8 42. Qxf8+ {[%emt 0:00:07] KQB-KQN. Black is two pawns up.} Bg8 43. Nf6 Qg6 44. e6 g4 45. e7 Qb1+ 46. Kh2 g3+ 47. Kh3 Qh1+ 48. Kg4 Qd1+ 49. Kf4 Qc1+ 50. Kg4 Qd1+ $1 51. Kf5 Qf1+ 52. Ke5 Qe2+ 53. Kd6 Qd3+ 54. Kc7 1-0

[Event "Marshall CC Premier 01-2025"]
[Site "New York"]
[Date "2025.01.06"]
[Round "5.5"]
[White "Aravindakshan, Sahana"]
[Black "Ling, Chenxuan"]
[Result "0-1"]
[ECO "E49"]
[WhiteElo "1993"]
[BlackElo "2081"]
[Annotator "TA"]
[PlyCount "134"]
[EventDate "2025.01.03"]
[EventType "swiss"]
[EventCountry "USA"]
[SourceTitle "playchess.com"]
[Source "ChessBase"]
[SourceQuality "1"]
[TimeControl "5400+30"]

1. d4 Nf6 2. c4 e6 3. Nc3 Bb4 4. e3 O-O 5. Bd3 d5 6. a3 Bxc3+ 7. bxc3 dxc4 8. Bxc4 c5 9. Ne2 Qc7 10. Bd3 Nc6 11. O-O e5 12. Ng3 Rd8 13. Nh5 Nxh5 14. Qxh5 h6 15. Rb1 exd4 16. cxd4 cxd4 17. e4 Qe5 18. Qd1 Qe7 19. f4 b6 20. Qh5 Qc5 21. e5 Ne7 22. Rf3 g6 23. Qxh6 Bg4 (23... Nf5 $1 $14 24. Qg5 Be6) 24. Rf2 $2 (24. f5 $1 $18 Nxf5 (24... Qxe5 $2 25. f6 $18) 25. Bxf5 Bxf5 26. Rxf5 gxf5 (26... Qc2 $2 27. Rf1 $18) 27. Qg5+ Kf8 28. Bd2 (28. Qh6+ Ke8 $17) 28... d3+ (28... Qxa3 $2 29. Bb4+ $18) 29. Kh1) 24... Bf5 $11 25. Bxf5 Nxf5 26. Qh3 d3 ({Black should try} 26... Qc3 $1 $15 27. Qf3 Qxf3 28. Rxf3 d3) 27. Bd2 $11 Rac8 28. Re1 (28. Rbf1 $11) 28... Qc2 (28... Qxa3 $6 29. g4 Nd4 30. f5 $11) (28... Qd4 $1 $17 29. e6 fxe6 30. Rxe6 Re8 31. Rxg6+ Ng7 32. Rxg7+ Kxg7 33. Qg4+ Kf6 34. Qg5+ Ke6) 29. e6 $11 f6 (29... fxe6 $11 30. g4 Nd4) 30. e7 ({White should play} 30. g4 $1 $16 Nd4 31. Qh6 Ne2+ 32. Kg2 Qxd2 (32... Qc6+ $2 33. Rf3 $18) 33. Qxg6+ Kh8 34. Qxf6+ Kh7 35. Ref1) 30... Re8 $11 31. Bb4 Qc4 32. g4 Nd4 {[%emt 0:00:59] [#]} (32... Nxe7 $11 {remains equal.} 33. Qh6 (33. Rxe7 $2 Rxe7 34. g5 Qc1+ 35. Kg2 Re3 $19) (33. Bxe7 d2 $15) 33... Qf7 34. Rxe7 Rxe7 35. Bxe7 Qxe7 36. Qxg6+ Qg7) 33. Qe3 $2 (33. Re4 $1 $16 {and life is bright.}) 33... a5 $19 34. Bd2 Ne2+ 35. Kf1 Rc7 36. Rf3 {[%emt 0:00:28] [#]} Rd7 (36... Rcxe7 $6 37. Qxd3 Qxd3 38. Rxd3 $14) (36... Nd4 $1 $17 37. Rc1 Qd5 38. Rxc7 Nxf3 (38... Qxf3+ 39. Qxf3 Nxf3 40. Be3 $11)) 37. Qxb6 $11 Qd5 38. Kf2 Rd6 39. Qe3 Kf7 40. Rh3 $1 Kg7 41. f5 $2 (41. g5 $1 $14) 41... g5 $19 42. Qf3 Qc5+ (42... Rxe7 43. Qxd5 Rxd5 44. Rb1 $11) 43. Be3 Qxa3 $2 (43... Qc2 $19 {White must now prevent ...Nd4+.} 44. Kf1 Qa4 (44... Rxe7 45. Qa8)) 44. Bxg5 $11 fxg5 45. Qe3 $2 (45. Qxe2 $14 Qc5+ 46. Qe3 Qxe3+ 47. Rhxe3) 45... Nf4 $19 46. Qe5+ Rf6 47. Rh6 Qxe7 (47... Qa2+ $142 48. Kf3 Qg2+ 49. Ke3 Nd5+ 50. Kxd3 Kxh6) 48. Qxe7+ $19 Rxe7 ({Weaker is} 48... Kxh6 49. Qxf6+ Kh7 50. Rxe8 Nh3+ 51. Kf1 Nf4 52. Qh8#) 49. Rxe7+ Kxh6 50. Rd7 a4 51. Ke3 Ra6 52. h4 Ng2+ 53. Kxd3 Nxh4 54. Kc2 a3 55. Kb1 a2+ 56. Ka1 Ra4 57. Rd6+ Kg7 58. Rd7+ Kf6 59. Rd6+ Ke7 60. Rb6 Rxg4 61. f6+ Kf7 62. Kxa2 Rf4 63. Kb2 Rxf6 64. Rb7+ Kg6 65. Kc2 Rd6 66. Rb4 Kh5 67. Kc1 Rd5 0-1

[Event "Marshall CC Premier 01-2025"]
[Site "New York"]
[Date "2025.01.06"]
[Round "5.6"]
[White "Nasta, Kiren Vivek"]
[Black "Stern, Kevin B"]
[Result "1-0"]
[ECO "B29"]
[WhiteElo "2010"]
[BlackElo "1925"]
[Annotator "RC"]
[PlyCount "93"]
[EventDate "2025.01.03"]
[EventType "swiss"]
[EventCountry "USA"]
[SourceTitle "playchess.com"]
[Source "ChessBase"]
[SourceQuality "1"]
[TimeControl "5400+30"]

1. e4 c5 2. Nf3 Nf6 3. Nc3 d5 4. Bb5+ Bd7 5. e5 Bxb5 6. Nxb5 Nfd7 7. e6 fxe6 8. Ng5 Qb6 9. Nc3 Nf6 10. Qe2 h6 11. Nxe6 Kf7 12. Nf4 Qd6 13. Ncxd5 Nxd5 14. Qh5+ g6 15. Qxd5+ Qxd5 16. Nxd5 Nc6 17. d3 Rd8 18. Ne3 Bg7 19. O-O Rd7 20. Rb1 Rf8 21. Bd2 Kg8 22. Rfd1 Nd4 23. a3 Rc8 24. Kf1 h5 25. Bc3 b5 26. Be1 Bh6 27. c4 e6 28. Bd2 Rf8 29. Nc2 Bg7 30. Nxd4 Bxd4 31. f3 Be5 32. cxb5 Bxh2 33. Be3 Rd5 34. Rbc1 Bd6 35. d4 cxd4 36. Rxd4 Rxd4 37. Bxd4 Bb8 38. a4 e5 39. Be3 e4 40. Rc6 Kh7 41. Bxa7 Bxa7 42. Rc7+ Kh6 43. Rxa7 exf3 44. b6 fxg2+ 45. Kxg2 h4 46. b7 Rb8 47. a5 1-0

[Event "Marshall CC Premier 01-2025"]
[Site "New York"]
[Date "2025.01.06"]
[Round "5.7"]
[White "Raparthi, Ankit"]
[Black "Mottola, Max"]
[Result "1-0"]
[ECO "B11"]
[WhiteElo "1941"]
[BlackElo "2132"]
[Annotator "TA"]
[PlyCount "69"]
[EventDate "2025.01.03"]
[EventType "swiss"]
[EventCountry "USA"]
[SourceTitle "playchess.com"]
[Source "ChessBase"]
[SourceQuality "1"]
[TimeControl "5400+30"]

1. e4 c6 2. Nc3 d5 3. Qe2 d4 4. Nd1 e5 5. d3 Bd6 6. g3 c5 7. f4 Nc6 8. Nf3 Nge7 9. Bg2 (9. f5 $11 {was preferable.}) 9... Qc7 (9... exf4 $17 10. gxf4 f6) 10. f5 $11 Bd7 11. O-O f6 {[%emt 0:03:05] Against Ng5} 12. Nf2 Na5 (12... O-O-O $15) 13. Bd2 O-O-O 14. a3 (14. c3 $14) 14... Bb5 15. Rfc1 Kb8 16. Qe1 Nac6 17. c3 dxc3 18. bxc3 c4 19. d4 Ba4 20. Ng4 ({White should try} 20. Rcb1 $11) 20... exd4 (20... h5 $1 $15 21. Ne3 Na5) 21. Nxd4 (21. cxd4 {feels hotter.} Nxd4 22. Nxd4 Bc5 23. Bf4) 21... Bc5 22. Kh1 Nxd4 23. cxd4 Bxd4 ({Black should try} 23... Rxd4 24. Rab1 Bc6 (24... Bxa3 25. Bf4 $16)) 24. Rab1 $1 (24. Bf4 Be5 25. Nxe5 fxe5 $19) 24... Qd7 25. Rxc4 {[%emt 0:02:08] Strongly threatening Bf4+.} Bc6 $2 (25... Ka8 $11 {and Black has nothing to worry.}) 26. Bb4 $2 (26. Bf4+ $18 Ka8 27. Rd1 Nxf5 28. Qf1 (28. Rxc6 Nxg3+ 29. Bxg3 Qxc6 $16)) 26... Rhe8 $2 {[%emt 0:03:37][%mdl 8192] [#]} (26... Nc8 $11) 27. Bxe7 $1 $18 Rxe7 28. Rd1 Rde8 29. Rdxd4 Qxf5 30. Qd1 ({But not} 30. Rxc6 bxc6 31. Qb1+ (31. exf5 $2 {is the wrong capture.} Rxe1+ $19) 31... Kc7 $18) 30... Qa5 {[%emt 0:00:31] Repels Rd8+} 31. Qc1 Re6 32. Ne3 Rd8 33. Nd5 Red6 34. Rc5 Qa6 35. Bf1 1-0

[Event "Marshall CC Premier 01-2025"]
[Site "New York"]
[Date "2025.01.06"]
[Round "5.8"]
[White "Raitzin, Misha"]
[Black "Karas, Nicholas"]
[Result "1-0"]
[ECO "B12"]
[WhiteElo "1898"]
[BlackElo "2042"]
[Annotator "RC"]
[PlyCount "85"]
[EventDate "2025.01.03"]
[EventType "swiss"]
[EventCountry "USA"]
[SourceTitle "playchess.com"]
[Source "ChessBase"]
[SourceQuality "1"]
[TimeControl "5400+30"]

1. e4 c6 2. d4 g6 3. Nc3 d5 4. Nf3 Bg7 5. Bd3 dxe4 6. Nxe4 Nf6 7. Nxf6+ exf6 8. c3 O-O 9. Qc2 Re8+ 10. Be3 Be6 11. O-O-O a5 12. h4 h5 13. Nd2 b5 14. f3 Bxa2 15. Rde1 a4 16. g4 Bb3 17. Nxb3 axb3 18. Qxb3 Rxe3 19. Rxe3 Ra1+ 20. Bb1 Bh6 21. Rhe1 Bxe3+ 22. Rxe3 Qd6 23. Qc2 hxg4 24. fxg4 Qf4 25. Qe4 Qxe4 26. Rxe4 Nd7 27. Re7 Ra7 28. Re8+ Nf8 29. Rc8 Re7 30. Kd2 Re6 31. Rc7 Rd6 32. Be4 f5 33. gxf5 gxf5 34. Rxc6 Rxc6 35. Bxc6 b4 36. cxb4 Ne6 37. Bd7 Nxd4 38. Kc3 Ne2+ 39. Kc4 f4 40. b5 Ng3 41. Kc5 Ne4+ 42. Kc6 f3 43. Bh3 1-0

[Event "Marshall CC Premier 01-2025"]
[Site "New York"]
[Date "2025.01.06"]
[Round "5.9"]
[White "Nkululeko, Nkosi"]
[Black "Hinson, Miles"]
[Result "1/2-1/2"]
[ECO "A01"]
[WhiteElo "1970"]
[BlackElo "1975"]
[Annotator "RC"]
[PlyCount "167"]
[EventDate "2025.01.03"]
[EventType "swiss"]
[EventCountry "USA"]
[SourceTitle "playchess.com"]
[Source "ChessBase"]
[SourceQuality "1"]
[TimeControl "5400+30"]

1. b3 Nf6 2. Bb2 d5 3. d3 c5 4. Nd2 Nc6 5. Ngf3 e6 6. e4 d4 7. a4 e5 8. Be2 Be7 9. O-O O-O 10. Nc4 Qc7 11. Bc1 Be6 12. Ng5 Bxc4 13. bxc4 Bd6 14. Nh3 Ne7 15. g3 b6 16. f4 a6 17. f5 b5 18. g4 bxc4 19. g5 Nd7 20. f6 Ng6 21. Bg4 cxd3 22. cxd3 c4 23. dxc4 Nc5 24. Bf5 Qb7 25. Nf2 Rfd8 26. Qh5 Bf8 27. Ra3 d3 28. Be3 Nb3 29. c5 Nxc5 30. Rc3 Nxa4 31. Rxd3 Rxd3 32. Nxd3 Qb3 33. Qe2 Rd8 34. Bxg6 Qxd3 35. Qxd3 Rxd3 36. fxg7 hxg6 37. gxf8=Q+ Kxf8 38. Ra1 Nc3 39. Bc5+ Ke8 40. Rxa6 Nxe4 41. Ra8+ Kd7 42. Bb6 Ke6 43. h4 Rd7 44. Kg2 Nd6 45. Ra6 Kf5 46. Kf3 e4+ 47. Kg3 Nc4 48. Bf2 Rd3+ 49. Kg2 e3 50. Be1 Ne5 51. Kf1 Ke4 52. Ke2 Rd4 53. Bc3 Rc4 54. Bxe5 Rc2+ 55. Kd1 Rd2+ 56. Ke1 Kxe5 57. Ra7 Ke6 58. Ra5 Rh2 59. Ra6+ Kf5 60. Rf6+ Kg4 61. Rxf7 Rxh4 62. Ke2 Rh3 63. Ra7 Kxg5 64. Ra4 Kh5 65. Rb4 g5 66. Ra4 Rh4 67. Ra5 Re4 68. Ra1 g4 69. Rh1+ Kg5 70. Rh8 Kf4 71. Rf8+ Kg3 72. Rg8 Kh3 73. Rh8+ Kg2 74. Rg8 g3 75. Rg7 Re6 76. Rg8 Kh2 77. Rh8+ Kg1 78. Rg8 g2 79. Rh8 Rf6 80. Rh7 Rf2+ 81. Ke1 Rf6 82. Ke2 Rb6 83. Rh8 Rb2+ 84. Ke1 1/2-1/2